 Dungeon Crawl Stone Soup version 0.20.1-1-g8b1a95d (webtiles) character file.

238 HeyBub the Ducker (level 5, -16/28 HPs)
             Began as a Spriggan Abyssal Knight on Nov 14, 2017.
             Was a Believer of Lugonu.
             Demolished by an ogre
             ... wielding a +0 giant spiked club
              (34 damage)
             ... on level 4 of the Dungeon.
             The game lasted 00:06:00 (3044 turns).

HeyBub the Ducker (Spriggan Abyssal Knight)         Turns: 3044, Time: 00:06:00

Health: -16/28     AC:  3    Str:  9    XL:     5   Next: 78%
Magic:  7/7        EV: 20    Int: 13    God:    Lugonu [**....]
Gold:   160        SH:  0    Dex: 16    Spells: 4/4 levels left

rFire    . . .     SeeInvis +   p - +1 rapier
rCold    . . .     Gourm    .   (shield restricted)
rNeg     . . .     Faith    .   b - +1 robe
rPois    .         Spirit   .   (helmet restricted)
rElec    .         Reflect  .   (no cloak)
rCorr    .         Harm     .   (gloves unavailable)
MR       +....                  (boots unavailable)
Stlth    +++.......             (no amulet)
Regen    0.1/turn               l - ring of protection from magic
MPRegen  0.1/turn               (no ring)

@: very quick
A: unfitting armour, see invisible, herbivore 3, speed 3, slow metabolism 2
a: Depart the Abyss, Bend Space, Renounce Religion


You were on level 4 of the Dungeon.
You worshipped Lugonu.
Lugonu was pleased with you.
You were not hungry.

You visited 1 branch of the dungeon, and saw 4 of its levels.
You visited the Abyss 1 time.

You collected 160 gold pieces.

Inventory:

Hand Weapons
 a - a +1 short sword
 d - a +1 hunting sling of freezing
 p - a +1 rapier (weapon)
 t - a +0 rapier
Missiles
 i - 4 curare-tipped needles
 k - 5 needles of confusion
Armour
 b - a +1 robe (worn)
Magical Staves
 o - an uncursed staff of air
Jewellery
 f - an uncursed ring of ice
 l - a ring of protection from magic (left hand)
Scrolls
 e - a scroll of teleportation
 n - 2 scrolls of identify
 q - a scroll of magic mapping
Potions
 h - 2 potions of heal wounds
 j - 5 potions of curing
Comestibles
 c - 4 bread rations
 m - a royal jelly


   Skills:
 + Level 3.0 Fighting
 + Level 4.4 Short Blades
 + Level 5.1 Dodging
 + Level 3.8 Stealth
 + Level 2.1 Invocations


You had 4 spell levels left.
You didn't know any spells.

Dungeon Overview and Level Annotations

Branches:
Dungeon (4/15)             Temple (0/1) D:4

Altars:
Dithmenos
Elyvilon
Hepliaklqana
Kikubaaqudgha
Ru
Vehumet


Innate Abilities, Weirdness & Mutations

You are very small and have problems with some larger weapons.
You are too small for most types of armour.
You have supernaturally acute eyesight. (SInv)
You are a herbivore.
You cover ground extremely quickly.
You need consume almost no food.


Message History

The ogre shouts!
You puncture the worker ant!
You kill the worker ant!
Lugonu accepts your kill.
An ogre is nearby!
An ogre is nearby!
Okay, then.
You hit the ogre.
The ogre is lightly wounded.
You hit the ogre.
The ogre is moderately wounded.
The ogre misses you.
You hit the ogre.
The ogre is heavily wounded.
The ogre hits you with a giant spiked club!
You hit the ogre.
The ogre is heavily wounded.
The ogre hits you with a giant spiked club!!
Ouch! That really hurt!
You die...

#...#.#.#.#..).......#
.....#.#.#.......#...#
......#.#........#...#
............#....#...#
.....#.#..#.#....#...#
.......#.##.#....#...#
.#######.##.#....#...#
............#...O#...#
.#######.##.#...@#...#
.#.#...#.#...........#
.#.##..#.####.#......#
.#.......##......#...#
.#...######.#....#...#
.#.#.#***##.###..#...#
.#.#.#,,,............#
.#.#..,,,............#
,#.#...**##..........#


You could see an ogre.

Vanquished Creatures
  A hound (D:4)
  3 orc wizards (D:4)
  2 worker ants (D:4)
  An adder (D:2)
  An adder skeleton (D:4)
  2 dart slugs
  2 leopard geckos
  7 orcs
  10 bats
  A giant cockroach (D:3)
  8 goblins
  4 hobgoblins
  2 jackals (D:1)
  A quokka (D:3)
  3 frilled lizards
  A jackal skeleton (D:3)
  6 kobolds
  8 rats
63 creatures vanquished.

Vanquished Creatures (others)
  A bat (D:2)
1 creature vanquished.

Grand Total: 64 creatures vanquished

Notes
Turn   | Place    | Note
-------+----------+-------------------------------------------
     0 | Abyss:1  | HeyBub the Spriggan Abyssal Knight began the quest for the Orb.
     0 | Abyss:1  | Reached XP level 1. HP: 11/11 MP: 3/3
    94 | Abyss:1  | Noticed a starcursed mass
    95 | D:1      | Escaped the Abyss
   229 | D:1      | Reached XP level 2. HP: 10/16 MP: 4/4
   390 | D:1      | Reached * piety under Lugonu
  1209 | D:2      | Found a hazy altar of Hepliaklqana.
  1284 | D:2      | Found a white marble altar of Elyvilon.
  1294 | D:2      | Reached skill level 4 in Dodging
  1294 | D:2      | Reached XP level 3. HP: 12/19 MP: 5/5
  1364 | D:2      | Found a sacrificial altar of Ru.
  1378 | D:2      | Found a radiant altar of Vehumet.
  1664 | D:3      | Found a shadowy altar of Dithmenos.
  1715 | D:3      | Reached skill level 1 in Stealth
  1773 | D:3      | Reached ** piety under Lugonu
  2240 | D:4      | Found an ancient bone altar of Kikubaaqudgha.
  2242 | D:4      | Reached XP level 4. HP: 23/23 MP: 6/6
  2311 | D:4      | Found a staircase to the Ecumenical Temple.
  2339 | D:4      | Reached XP level 5. HP: 10/28 MP: 7/7
  2655 | D:4      | Reached skill level 5 in Dodging
  3036 | D:4      | Noticed an ogre
  3044 | D:4      | Demolished by an ogre

Skill      XL: |  1  2  3  4  5 |
---------------+----------------+-----
Invocations    | 2 |  2.1
Short Blades   | 3 4 |  4.4
Dodging        | 4 5 |  5.1
Stealth        | 2 3 |  3.8
Fighting       | 3 |  3.0

Action                   |  1- 3 |  4- 6 || total
-------------------------+-------+-------++-------
Melee: Short sword       |    77 |       ||    77
       Rapier            |    56 |    78 ||   134
Invok: Depart the Abyss  |     1 |       ||     1
  Use: Scroll            |     3 |    13 ||    16
       Potion            |       |     2 ||     2
 Stab: Sleeping          |     8 |     2 ||    10
       Distracted        |       |     1 ||     1
Armor: Robe              |    16 |     4 ||    20
Dodge: Dodged            |    89 |    52 ||   141
